 Dungeon Crawl Stone Soup version 0.21.0-3-g78d12a8bdd (webtiles) character file.

38124 Jerkops the Spear-Bearer (level 13, -3/113 HPs)
             Began as a Minotaur Monk on Jan 13, 2018.
             Was a High Priest of Okawaru.
             Drowned by a water nymph (9 damage)
             ... on level 2 of the Shoals.
             The game lasted 01:34:28 (14768 turns).

Jerkops the Spear-Bearer (Minotaur Monk)           Turns: 14768, Time: 01:34:29

Health: -3/113     AC: 19    Str: 27    XL:     13   Next: 62%
Magic:  15/16      EV: 17    Int:  7    God:    Okawaru [*****.]
Gold:   395        SH:  9    Dex: 13    Spells: 12/12 levels left

rFire    + . .     SeeInvis +   a - +11 spear of Growth {pierce, SInv}
rCold    + + .     Gourm    .   h - +1 buckler
rNeg     . . .     Faith    .   M - +1 scale mail "Fofres" {+Inv rPois Str+6 Stlth-}
rPois    +         Spirit   .   (helmet restricted)
rElec    .         Reflect  .   j - +0 cloak
rCorr    .         Harm     .   l - +0 pair of gloves
MR       .....                  Q - +2 pair of boots of the Assassin {Detection Stab+ Stlth++}
Stlth    ++++++....             J - amulet of regeneration
HPRegen  0.68/turn              O - ring "Koletis" {+Fly rF+ rC+ Stlth+}
MPRegen  0.15/turn              z - ring of protection from cold

@: heroism
A: retaliatory headbutt, horns 2, talons 1, subdued magic 1
a: Heroism, Finesse, Renounce Religion, Evoke Invisibility, Evoke Flight


You were on level 2 of the Shoals.
You worshipped Okawaru.
Okawaru was extremely pleased with you.
You were not hungry.

You visited 4 branches of the dungeon, and saw 17 of its levels.
You also visited: Labyrinth.

You collected 931 gold pieces.
You spent 536 gold pieces at shops.

Inventory:

Hand Weapons
 a - the +11 spear of Growth (weapon) {pierce, SInv}
   (You found it on level 5 of the Dungeon)

   It inflicts extra damage upon your enemies.
   It lets you see invisible.
 b - a +0 hand crossbow
 n - a +2 bardiche of protection
 t - a +4 rapier of holy wrath
 C - a +7 double sword of protection
 E - a +2 hunting sling of freezing
 P - a +2 antimagic demon trident
Missiles
 d - 71 poisoned needles
 u - 133 sling bullets
 w - 95 bolts
 y - 3 needles of frenzy
 L - 6 curare-tipped needles
Armour
 h - a +1 buckler (worn)
 j - a +0 cloak (worn)
 l - a +0 pair of gloves (worn)
 M - the +1 scale mail "Fofres" (worn) {+Inv rPois Str+6 Stlth-}
   (Okawaru gifted it to you on level 9 of the Dungeon)

   It affects your strength (+6).
   It protects you from poison.
   It lets you turn invisible.
   It makes you less stealthy.
 Q - the +2 pair of boots of the Assassin (worn) {Detection Stab+ Stlth++}
   (You found it on level 10 of the Dungeon)

   It makes you much more stealthy.
Jewellery
 z - a ring of protection from cold (right hand)
 A - an uncursed ring of positive energy
 J - an amulet of regeneration (around neck)
 O - the ring "Koletis" (left hand) {+Fly rF+ rC+ Stlth+}
   (You bought it in a shop on level 6 of the Dungeon)

   [ring of flight]

   It protects you from fire.
   It protects you from cold.
   It lets you fly.
   It makes you more stealthy.
 R - a cursed -3 ring of protection
Wands
 m - a wand of enslavement (8)
 o - a wand of scattershot (6)
 x - a wand of iceblast (31)
 B - a wand of digging (31)
 F - a wand of flame (61)
Scrolls
 e - 4 scrolls of teleportation
 g - 10 scrolls of remove curse
 i - a scroll of holy word
 k - 2 scrolls of fear
 s - 10 scrolls of identify
 G - 3 scrolls of blinking
 I - 2 scrolls of magic mapping
 K - a scroll of silence
 N - 3 scrolls of amnesia
 S - a scroll of fog {unknown}
Potions
 f - a potion of heal wounds
 p - 2 potions of curing
 q - 5 potions of flight
 r - 2 potions of resistance
 v - a potion of agility
 D - 5 potions of brilliance
 H - a potion of haste
Miscellaneous
 T - a phial of floods
Comestibles
 c - 10 rations


   Skills:
 + Level 9.8(14.8) Fighting
 + Level 8.7(13.7) Long Blades
 * Level 14.2(19.2) Polearms
 * Level 12.4(17.4) Armour
 + Level 6.2(11.2) Dodging
 + Level 7.0(12.0) Stealth
 * Level 11.3(16.3) Shields
 * Level 5.9 Invocations


You had 12 spell levels left.
You didn't know any spells.

Dungeon Overview and Level Annotations

Branches:
Dungeon (12/15)            Temple (1/1) D:6            Lair (2/6) D:8
 Shoals (2/4) Lair:2          Orc (0/2) D:9
  Snake: Lair:2-4    Spider: Lair:2-4

Altars:
Ashenzari
Cheibriados
Dithmenos
Elyvilon
Fedhas
Gozag
Hepliaklqana
Kikubaaqudgha
Makhleb
Nemelex Xobeh
Okawaru
Qazlal
Ru
Sif Muna
Trog
Uskayaw
Vehumet
Wu Jian
Xom
Yredelemnul
Zin
The Shining One

Shops:
D:6 =


Innate Abilities, Weirdness & Mutations

You reflexively headbutt those who attack you in melee.
You have a pair of horns on your head.
You have sharp toenails.
Your spells are a little easier to cast, but a little less powerful.


Message History

The faun shoots a stone.
The stone completely misses you.
The water nymph's watery aura covers the stone staircase leading up.
Splash!
You fall into the shallow water.
Moving in this stuff is going to be slow.
You fail to use your ability.
The merfolk hits you but does no damage.
You block the merfolk's attack. The water nymph touches you.
The water nymph drowns you!
* * * LOW HITPOINT WARNING * * *
You block the merfolk's attack.
You puncture the water nymph!
The water nymph is moderately wounded.
The merfolk hits you but does no damage.
You puncture the water nymph! You headbutt the water nymph.
The water nymph is severely wounded.
You block the merfolk's attack. The water nymph touches you!
* * * LOW HITPOINT WARNING * * *
The water nymph drowns you!
You die...

≈≈≈..≈≈≈≈≈≈≈≈..≈≈≈≈≈≈
≈≈.....≈≈≈≈≈≈...≈.≈≈≈≈≈≈
≈≈..#.≈≈≈≈...#.≈.≈≈≈≈≈≈≈
≈≈....≈≈≈≈.≈...≈.≈≈≈≈≈≈≈
≈≈...≈≈≈≈≈≈≈...≈≈≈≈≈≈≈≈≈
≈≈≈.≈≈≈≈≈≈≈≈.#.≈≈≈≈≈≈≈≈≈
≈≈≈≈≈≈≈≈≈≈≈≈.....≈≈≈≈≈≈≈
≈≈≈≈≈≈≈≈≈≈≈≈≈≈≈≈≈≈≈≈≈≈≈.
≈≈≈≈≈≈≈≈≈≈≈≈≈...@≈≈≈≈...
≈≈≈≈≈≈≈≈≈≈≈)≈..≈m..≈≈...
.≈≈≈≈≈≈≈≈≈≈≈≈≈.mmm.≈.≈≈≈
.≈≈≈≈≈≈≈≈≈≈≈≈..≈m.....≈≈
≈≈≈≈≈≈≈≈≈≈≈≈≈..≈≈≈.....≈
≈≈≈≈≈≈≈≈≈≈≈≈≈.c≈≈≈..≈≈≈$
≈≈≈≈≈≈≈≈≈≈≈≈≈....#..≈≈≈≈
≈≈≈≈≈≈≈..........#...≈≈≈
≈)≈≈≈(...........##.≈≈≈≈


You could see 4 merfolk, a faun and a water nymph.

Vanquished Creatures
  A minotaur (Lab)
  A merfolk impaler (Shoals:2)
  Harold (D:10)
  5 merfolk aquamancers
  3 merfolk avatars
  2 hydras (D:12)
  9 two-headed ogres
  4 unseen horrors
  A sea snake (Shoals:1)
  The ghost of Conn321 the Covert, a novice OpFE of Sif Muna (D:6)
  4 harpies (Shoals:1)
  2 cyclopes
  3 fauns (Shoals:1)
  A manticore (Shoals:2)
  2 merfolk sirens
  Joseph (D:10)
  A black mamba (Lair:1)
  A water nymph (Shoals:1)
  3 spiny frogs
  A komodo dragon (Lair:1)
  A troll (D:11)
  4 merfolk
  A wind drake (Shoals:1)
  A snapping turtle (Shoals:1)
  4 dream sheep (Shoals:1)
  2 water elementals
  3 hippogriffs
  3 redbacks (Lab)
  Sigmund (D:4)
  2 shadows (Lab)
  4 yaks (D:11)
  A basilisk (Lair:2)
  6 hungry ghosts (Lab)
  7 swamp worms (Lair:2)
  An acid dragon (D:12)
  11 water moccasins
  3 porcupines (Lair:2)
  7 orc warriors
  3 sky beasts
  2 ice beasts (D:6)
  A necrophage (D:12)
  5 wolves (Lair:2)
  9 ogres
  2 centaurs
  A big kobold (D:12)
  9 crocodiles
  A gnoll sergeant (D:8)
  6 bullfrogs
  2 wyvern zombies
  A water moccasin zombie (D:8)
  A water moccasin skeleton (D:8)
  3 scorpions
  11 killer bees
  2 howler monkeys
  4 crimson imps
  A bullfrog zombie (D:6)
  A centaur zombie (D:9)
  A centaur skeleton (D:8)
  3 hounds
  3 jellies
  6 orc priests
  3 bullfrog skeletons
  12 orc wizards
  4 iguanas
  9 worker ants
  2 hound zombies
  A hound skeleton (D:11)
  A worker ant zombie (D:8)
  Robin (D:3)
  12 adders
  5 gnolls (D:8)
  A howler monkey skeleton (D:8)
  4 shadow imps
  3 adder zombies
  An adder skeleton (D:4)
  12 worms
  2 dart slugs
  4 leopard geckos
  38 orcs
  8 bats
  4 giant cockroaches
  14 goblins
  11 hobgoblins
  10 jackals
  4 quokkas
  3 ball pythons
  5 frilled lizards
  11 kobolds
  A leopard gecko skeleton (D:4)
  A quokka skeleton (D:6)
  10 rats
  A fungus (Lair:2)
  5 plants
390 creatures vanquished.

Vanquished Creatures (others)
  An orc wizard (D:4)
  A fungus (Lair:2)
  3 plants
5 creatures vanquished.

Grand Total: 395 creatures vanquished

Notes
Turn   | Place    | Note
-------+----------+-------------------------------------------
     0 | D:1      | Jerkops the Minotaur Monk began the quest for the Orb.
     0 | D:1      | Reached XP level 1. HP: 19/19 MP: 0/0
   101 | D:1      | Reached XP level 2. HP: 27/27 MP: 1/1
   376 | D:1      | Reached XP level 3. HP: 33/33 MP: 2/2
   674 | D:2      | Reached skill level 1 in Shields
  1142 | D:3      | Reached skill level 1 in Armour
  1142 | D:3      | Reached XP level 4. HP: 29/40 MP: 3/3
  1278 | D:3      | Noticed Robin
  1351 | D:3      | Killed Robin
  1973 | D:4      | Reached skill level 5 in Long Blades
  1984 | D:4      | Reached XP level 5. HP: 44/47 MP: 4/4
  2260 | D:4      | Noticed an ogre
  2267 | D:4      | Reached XP level 6. HP: 53/53 MP: 5/5
  2735 | D:4      | Noticed Sigmund
  2738 | D:4      | Killed Sigmund
  2738 | D:4      | Reached XP level 7. HP: 60/60 MP: 6/6
  2807 | D:5      | Entered Level 5 of the Dungeon
  3158 | D:5      | Reached skill level 5 in Fighting
  3319 | D:5      | Reached XP level 8. HP: 68/68 MP: 7/7
  3410 | D:5      | Found a glowing silver altar of Zin.
  3410 | D:5      | Found a radiant altar of Vehumet.
  3411 | D:5      | Found a shadowy altar of Dithmenos.
  3414 | D:5      | Found a bloodstained altar of Trog.
  3547 | D:5      | Got a warped spear
  3553 | D:5      | Identified the +11 spear of Growth {pierce, SInv} (You found it on level 5 of the Dungeon)
  3675 | D:5      | You fall through a shaft for 2 floors!
  3711 | D:7      | Found a radiant altar of Vehumet.
  3787 | D:7      | Reached skill level 5 in Armour
  4033 | D:7      | Reached skill level 1 in Polearms
  4036 | D:7      | Reached skill level 5 in Shields
  4133 | D:7      | Gained mutation: Your spells are a little easier to cast, but a little less powerful. [potion of mutation]
  4133 | D:7      | Gained mutation: You have sharp toenails. [potion of mutation]
  4306 | D:7      | Reached skill level 2 in Polearms
  4402 | D:6      | Reached skill level 5 in Dodging
  4605 | D:6      | Reached skill level 3 in Polearms
  4605 | D:6      | Reached XP level 9. HP: 30/75 MP: 8/8
  4763 | D:6      | Reached skill level 4 in Polearms
  5043 | D:6      | Noticed Conn321's ghost (novice OpFE)
  5063 | D:6      | Found a sparkling altar of Nemelex Xobeh.
  5301 | D:6      | Found Vuimmysar's Jewellery Shoppe.
  5615 | D:6      | Killed Conn321's ghost
  5615 | D:6      | Reached skill level 6 in Polearms
  5625 | D:6      | Found a staircase to the Ecumenical Temple.
  5645 | Temple   | Entered the Ecumenical Temple
  5734 | Temple   | Became a worshipper of Warmaster Okawaru
  5734 | Temple   | Reached * piety under Okawaru
  5734 | Temple   | Reached ** piety under Okawaru
  5904 | D:8      | Noticed a two-headed ogre
  5950 | D:7      | Killed a two-headed ogre
  5950 | D:7      | Reached skill level 7 in Polearms
  6152 | D:8      | Reached XP level 10. HP: 84/84 MP: 9/9
  6192 | D:8      | Found a staircase to the Lair.
  6369 | D:8      | Found a sacrificial altar of Ru.
  6390 | D:8      | Noticed a two-headed ogre
  6401 | D:8      | Killed a two-headed ogre
  6401 | D:8      | Reached *** piety under Okawaru
  6401 | D:8      | Reached skill level 8 in Polearms
  6967 | D:8      | Noticed a two-headed ogre
  6973 | D:8      | Killed a two-headed ogre
  6973 | D:8      | Reached skill level 9 in Polearms
  7261 | Lair:1   | Entered Level 1 of the Lair of Beasts
  7423 | D:9      | Noticed a two-headed ogre
  7432 | D:9      | Killed a two-headed ogre
  7432 | D:9      | Reached **** piety under Okawaru
  7453 | D:9      | Noticed a two-headed ogre
  7462 | D:9      | Killed a two-headed ogre
  7462 | D:9      | Reached skill level 10 in Polearms
  7650 | D:9      | Noticed a two-headed ogre
  7658 | D:9      | Killed a two-headed ogre
  7658 | D:9      | Reached ***** piety under Okawaru
  7658 | D:9      | Reached XP level 11. HP: 64/92 MP: 10/10
  7702 | D:9      | Received a gift from Okawaru
  7703 | D:9      | Got a transparent scale mail {god gift}
  7714 | D:9      | Identified the +1 scale mail "Fofres" {+Inv rPois Str+6 Stlth-} (Okawaru gifted it to you on level 9 of the Dungeon)
  7858 | D:9      | Found a staircase to the Orcish Mines.
  7890 | D:10     | Entered Level 10 of the Dungeon
  7892 | D:10     | Noticed Joseph
  8009 | D:10     | Killed Joseph
  8201 | D:10     | Noticed a two-headed ogre
  8208 | D:10     | Killed a two-headed ogre
  8208 | D:10     | Reached skill level 11 in Polearms
  8320 | D:10     | Found the +2 pair of boots of the Assassin {Detection Stab+ Stlth++}
  8321 | D:10     | Noticed an unseen horror
  8328 | D:10     | Killed an unseen horror
  8328 | D:10     | Reached skill level 10 in Armour
  8397 | D:10     | Noticed Harold
  8413 | D:10     | Killed Harold
  8785 | D:11     | Found a labyrinth entrance.
  8807 | Lab      | Entered a labyrinth
  8877 | Lab      | Reached skill level 1 in Invocations
  8904 | Lab      | Reached skill level 12 in Polearms
  8944 | Lab      | Found an exit through the horrors of the Abyss.
  9208 | Lab      | Noticed an unseen horror
  9210 | Lab      | Found an exit through the horrors of the Abyss.
  9212 | Lab      | Noticed an unseen horror
  9214 | Lab      | Killed an unseen horror
  9220 | Lab      | Killed an unseen horror
  9421 | Lab      | Found an exit through the horrors of the Abyss.
  9634 | Lab      | Found an exit through the horrors of the Abyss.
  9700 | Lab      | Received a gift from Okawaru
  9857 | Lab      | Found an exit through the horrors of the Abyss.
 10143 | Lab      | Noticed a minotaur
 10153 | Lab      | Killed a minotaur
 10156 | Lab      | Got a flickering copper amulet
 10157 | Lab      | Got a faintly humming plate armour
 10179 | Lab      | Identified the +0 plate armour of Bol Lig {MR+ Dex+3} (You found it in a labyrinth)
 10211 | Lab      | Identified the amulet of Xeqow {Harm *Drain rF+ rC- Int+2} (You found it in a labyrinth)
 10297 | D:11     | Noticed a two-headed ogre
 10302 | D:11     | Killed a two-headed ogre
 10302 | D:11     | Reached XP level 12. HP: 101/102 MP: 11/13
 10849 | D:12     | Reached skill level 13 in Polearms
 10958 | D:12     | Noticed a seven-headed hydra
 10980 | D:12     | Killed a seven-headed hydra
 11057 | D:12     | Noticed a two-headed ogre
 11064 | D:12     | Killed a two-headed ogre
 11064 | D:12     | Reached skill level 5 in Stealth
 11189 | D:12     | Noticed a five-headed hydra
 11200 | D:12     | Killed a five-headed hydra
 11754 | D:6      | Bought the ring "Koletis" {+Fly rF+ rC+ Stlth+} for 536 gold pieces
 12108 | Lair:1   | Reached skill level 10 in Shields
 12946 | Lair:2   | Found a staircase to the Shoals.
 13018 | Lair:2   | Received a gift from Okawaru
 13235 | Lair:2   | Got a bloodstained helmet
 13236 | Lair:2   | Identified the +3 helmet of the Game of Kings {Str+4 Int+7} (You found it on level 2 of the Lair of Beasts)
 13442 | Shoals:1 | Entered Level 1 of the Shoals
 13481 | Shoals:1 | Noticed a merfolk aquamancer
 13488 | Shoals:1 | Killed a merfolk aquamancer
 13489 | Shoals:1 | Noticed a merfolk aquamancer
 13541 | Shoals:1 | Noticed a merfolk aquamancer
 13565 | Shoals:1 | Noticed a merfolk aquamancer
 13567 | Shoals:1 | Killed a merfolk aquamancer
 13568 | Shoals:1 | Killed a merfolk aquamancer
 13568 | Shoals:1 | Reached XP level 13. HP: 111/111 MP: 7/15
 13608 | Shoals:1 | Reached skill level 5 in Invocations
 13768 | Shoals:1 | Received a gift from Okawaru
 14013 | Shoals:1 | Reached skill level 14 in Polearms
 14713 | Shoals:2 | Noticed a merfolk impaler
 14724 | Shoals:2 | Killed a merfolk impaler
 14756 | Shoals:2 | HP: 1/113 [merfolk/trident (9)]
 14768 | Shoals:2 | Drowned by a water nymph

Skill      XL: |  1  2  3  4  5  6  7  8  9 10 11 12 13 |
---------------+----------------------------------------+-----
Long Blades    | 4 5 6 7 8 |  8.7
Fighting       | 4 5 6 7 8 9 |  9.8
Shields        | 1 2 3 4 5 6 8 9 10 11 | 11.3
Armour         | 1 2 3 4 6 7 9 10 11 12 | 12.4
Stealth        | 2 3 4 6 7 |  7.0
Dodging        | 4 5 6 |  6.2
Polearms       | 3 7 10 12 13 14 | 14.2
Invocations    | 2 4 5 |  5.9

Action                   |  1- 3 |  4- 6 |  7- 9 | 10-12 | 13-15 || total
-------------------------+-------+-------+-------+-------+-------++-------
Melee: Falchion          |    65 |   114 |    77 |       |       ||   256
       Headbutt          |    10 |    32 |    39 |    88 |    24 ||   193
       Spear             |       |       |   177 |   584 |   165 ||   926
 Fire: Hunting sling     |       |       |       |     2 |       ||     2
Invok: Heroism           |       |       |     1 |     3 |     2 ||     6
       Finesse           |       |       |       |     3 |       ||     3
 Abil: Evoke Invisibilit |       |       |       |     1 |       ||     1
Evoke: Wand              |       |       |       |     9 |     1 ||    10
  Use: Potion            |       |       |     8 |     3 |     3 ||    14
       Scroll            |       |       |     4 |    18 |     1 ||    23
 Stab: Sleeping          |     2 |     2 |     1 |    24 |     6 ||    35
       Distracted        |       |       |     1 |     2 |     2 ||     5
       Paralysed         |       |       |       |     1 |       ||     1
       Invisible         |       |       |       |     3 |       ||     3
  Eat: Ration            |     1 |     1 |     3 |     8 |     1 ||    14
Armor: Robe              |     7 |       |       |       |       ||     7
       Ring mail         |     9 |    34 |    37 |       |       ||    80
       Chain mail        |       |       |    34 |    13 |       ||    47
       Scale mail        |       |       |       |    56 |    37 ||    93
Dodge: Dodged            |    44 |    49 |    81 |   116 |    55 ||   345
Block: Buckler           |     7 |    12 |    38 |    78 |    39 ||   174
       Rpst.: Falchion   |    11 |    12 |     6 |       |       ||    29
